AoeStats
← Jordan Belfort

Four Lakes

510166238Analyzed
1v1 RM · 3d ago on Sep 29, 2026· 45m 23s· 2 players
Game mode
Random Map
Map size
Tiny (2 player)
Population
200
Speed
Normal
Resources
Standard
Victory
Conquest
Starting age
Dark Age
Ending age
Imperial Age
RankedLock teamsTeams togetherTeam positionsShared explorationLock speedFull tech treeHidden civsTurbo modeCheats
Victory
Defeat
🇩🇪 Burgundians · Germany
1297
+14
🇪🇸 Lithuanians · Spain
1263
-14
vivero
3:23 Loom
11:50 Feudal Age
15:55 Castle Age
19:13 Double-Bit Axe
19:13 Horse Collar
20:19 Bow Saw
21:04 Forging
20:54 Scale Mail Armor
20:47 Pikeman
26:33 Iron Casting
Jordan Belfort
8:55 Loom
10:41 Feudal Age
9:22 Double-Bit Axe
11:47 Bow Saw
12:39 Fishing Lines
13:27 Town Watch
13:53 Gillnets
17:06 Loom
19:47 Castle Age
19:09 Scale Barding Armor
19:50 Cavalier
22:35 Wheelbarrow
23:56 Chain Barding Armor
25:53 Husbandry
26:01 Gold Mining
Connection lost

Rejoining the realm…

Still unreachable

The connection could not be restored.

Session expired

The server has moved on; the page needs a fresh start.